 Dungeon Crawl Stone Soup version 0.30.0-18-gc0e69614cb (webtiles) character file.

Game seed: 18039940381720901921

182 Kranky the Ruffian (level 5, 0/50 HPs)
             Began as a Troll Warper on May 24, 2023.
             Succumbed to a kobold brigand's poison
             ... on level 4 of the Dungeon.
             The game lasted 00:02:58 (1658 turns).

Kranky the Ruffian (Troll Warper)                   Turns: 1658, Time: 00:02:59

Health: 0/50       AC:  4    Str: 19    XL:     5   Next: 34%
Magic:  5/5        EV: 10    Int: 11    God:
Gold:   104        SH:  0    Dex:  9    Spells: 6/6 levels left

rFire   . .          .
                       - Unarmed
rCold   . . .        (no shield)
rNeg    . . .        a - +0 robe
rPois   .            (helmet restricted)
rElec   .            (no cloak)
rCorr   .            (gloves unavailable)
SInv    .            (boots unavailable)
Will    .....        (no amulet)
Stlth   +            (no ring)
HPRegen 1.08/turn    (no ring)
MPRegen 0.09/turn

%: no passive effects
@: lethally poisoned (0 -> -13)
A: large, unfitting armour, claws 3, regeneration 1, shaggy fur 1, tough skin 1
a: no special abilities


You were on level 4 of the Dungeon.
You visited 1 branch of the dungeon, and saw 4 of its levels.

You collected 104 gold pieces.

Inventory:

Missiles
 c - 7 boomerangs of dispersal (quivered)
Armour
 a - a +0 robe (worn)
Jewellery
 l - a ring of poison resistance
 n - an amulet of magic regeneration
Wands
 p - a wand of light (3)
Scrolls
 b - a scroll of blinking
 d - a scroll of fog {unknown}
 e - 2 scrolls of immolation
 g - 2 scrolls of magic mapping {unknown}
 h - 2 scrolls of identify {unknown}
 j - 2 scrolls of amnesia {unknown}
 k - a scroll of noise {unknown}
 m - 2 scrolls of teleportation {unknown}
Potions
 f - a potion of lignification {unknown}
 i - a potion of invisibility {unknown}
 o - a potion of degeneration {unknown}
 q - a potion of haste {unknown}


   Skills:
 + Level 2.6 Fighting
 - Level 0.8 Throwing
 + Level 1.9 Armour
 + Level 2.8 Dodging
 + Level 3.2 Unarmed Combat
 - Level 1.2 Spellcasting
 - Level 2.1 Translocations


You had 6 spell levels left.
You didn't know any spells.
Your spell library contained the following spells:

 Spells                   Type           Power      Damage    Failure   Level
 Blink                    Tloc           10%        N/A       19%         2
 Lesser Beckoning         Tloc           10%        N/A       19%         2
 Teleport Other           Tloc           5%         N/A       36%         3
 Vhi's Electric Charge    Tloc/Air       6%         N/A       52%         3
 Manifold Assault         Tloc           5%         N/A       77%         4


Dungeon Overview and Level Annotations

Branches:
Dungeon (4/15)
 Temple: D:4-7

Altars:

Shops:
D:2 *


Innate Abilities, Weirdness & Mutations

You are too large for most types of armour.
You have claws for hands.
Your natural rate of healing is unusually fast.
You are covered in fur. (AC +1)
You have tough skin. (AC +1)


Message History

The kobold brigand throws a poisoned dart.
The poisoned dart hits you!
You are more poisoned.
The iguana bites you!
You are too injured to fight recklessly!
Unknown command.
You are too injured to fight recklessly!
Unknown command.
You are too injured to fight recklessly!
You are too injured to fight recklessly!
You are too injured to fight recklessly!
Unknown command.
You barely miss the kobold.
You feel very sick.
The kobold hits you with a staff of poison.
The iguana bites you but does no damage.
The kobold brigand throws a poisoned dart.
The poisoned dart hits you!
You are more poisoned.
Unknown command.
You scratch the kobold.
You kill the kobold!
You feel very sick.
The kobold brigand throws a poisoned dart.
The poisoned dart hits you!
You are lethally poisoned!
The iguana barely misses you.
You barely miss the iguana.
The iguana is almost dead.
* * * LOW HITPOINT WARNING * * *
You feel very sick.
The kobold brigand throws a poisoned dart.
The poisoned dart hits you.
You are more poisoned.
The iguana barely misses you.
You claw the iguana!
You kill the iguana!
* * * LOW HITPOINT WARNING * * *
You feel very sick.
You die...

#. .. #.###.######
#..........# #.
#..........##..
###.............
#..K..<........# ###
##.#..........# #..
#?....@|......# #..
####...†......#######.#
#.#####.####...)...# #.
#......####.#. #
##..#### #... #..# ####
#..# #..# #..#


You could see a kobold brigand.

Vanquished Creatures
  2 iguanas (D:4)
  3 gnolls (D:4)
  4 adders
  5 bats
  9 endoplasms
  A giant cockroach (D:4)
  4 hobgoblins
  3 jackals (D:1)
  4 kobolds
  6 quokkas
  4 ball pythons
  3 frilled lizards
  9 goblins
  4 rats
61 creatures vanquished.

Notes
Turn   | Place    | Note
-------+----------+-------------------------------------------
     0 | D:1      | Kranky the Troll Warper began the quest for the Orb.
     0 | D:1      | Reached XP level 1. HP: 19/19 MP: 1/1
   111 | D:1      | Reached XP level 2. HP: 28/28 MP: 2/2
   630 | D:2      | Found Zuas Doa's Assorted Antiques.
   640 | D:2      | Reached XP level 3. HP: 30/35 MP: 3/3
   885 | D:2      | Reached skill level 1 in Armour
  1171 | D:3      | Reached XP level 4. HP: 37/42 MP: 4/4
  1179 | D:3      | Found a faded altar of an unknown god.
  1474 | D:3      | You fall into a shaft and drop 1 floor!
  1498 | D:4      | Reached skill level 3 in Unarmed Combat
  1551 | D:4      | Reached XP level 5. HP: 18/50 MP: 5/5
  1658 | D:4      | Succumbed to a kobold brigand's poison

Illustrated notes

Levels and vault maps discovered:
D:1:      minmay_arrival_loop, layout_basic, chequers_serial_rivers_micro_a,
          corexii_leaking_fountain, chequers_serial_rivers_small_a,
          corner_web_ring, due_unseen_surprise
D:2:      layout_basic, serial_shops, nicolae_shop_advertising_works
          [nicolae_subvault_shop_adworks]
D:3:      layout_rooms, hellmonk_ecumenical_altar_blasted
D:4:      layout_rooms

Skill      XL: |  1  2  3  4 |
---------------+-------------+-----
Dodging        | 2 |  2.8
Fighting       | 2 |  2.6
Armour         | 1 |  1.9
Unarmed Combat | 3 |  3.2
Throwing       | |  0.8
Spellcasting   | |  1.2
Translocations | |  2.1

Action                     |  1- 3 |  4- 6 || total
---------------------------+-------+-------++-------
  Melee: Unarmed           |   144 |    69 ||   213
         Punch             |     1 |     1 ||     2
   Stab: Sleeping          |     1 |       ||     1
 Armour: Robe              |    76 |    20 ||    96
  Dodge: Dodged            |    91 |    26 ||   117
